 Dungeon Crawl Stone Soup version 0.31-a0-771-g505c3d19dc (webtiles) character file.

Game seed: 7441005501702581814

419 ryw the Slasher (level 7, -1/54 HPs)
             Began as a Human Fighter on Sept 16, 2023.
             Slain by a phantom (5 damage)
             ... on level 5 of the Dungeon.
             The game lasted 00:06:48 (3389 turns).

ryw the Slasher (Human Fighter)                     Turns: 3389, Time: 00:06:48

Health: -1/54      AC:  7    Str: 18    XL:     7   Next: 16%
Magic:  7/7        EV:  9    Int:  9    God:
Gold:   349        SH:  5    Dex: 12    Spells: 6/6 levels left

rFire   + . .        t - +0 falchion (holy)
rCold   . . .        c - +0 buckler
rNeg    . . .        b - +0 scale mail
rPois   .            (no helmet)
rElec   .            (no cloak)
rCorr   .            (no gloves)
SInv    .            (no boots)
Will    .....        (no amulet) Stlth
                     w - ring of protection from fire
HPRegen 0.29/turn    (no ring)
MPRegen 0.10/turn

%: no passive effects
@: mighty, attractive
A: no striking features
a: no special abilities


You were on level 5 of the Dungeon.
You visited 1 branch of the dungeon, and saw 5 of its levels.

You collected 349 gold pieces.

Inventory:

Hand Weapons
 a - a +0 long sword
 r - a +1 vampiric war axe
 t - a +0 falchion of holy wrath (weapon)
Missiles
 g - 2 throwing nets
 j - 3 boomerangs
 k - 6 curare-tipped darts (quivered)
Armour
 b - a +0 scale mail (worn)
 c - a +0 buckler (worn)
Jewellery
 w - a ring of protection from fire (left hand)
Talismans
 o - a maw talisman
Scrolls
 e - a scroll of blinking {unknown}
 h - 2 scrolls of immolation {unknown}
 i - a scroll of vulnerability {unknown}
 m - 2 scrolls of enchant weapon {unknown}
 n - 4 scrolls of identify {unknown}
 q - a scroll of fog {unknown}
 s - a scroll of amnesia {unknown}
 u - a scroll of teleportation {unknown}
Potions
 d - a potion of might
 f - a potion of haste
 v - a potion of enlightenment {unknown}


   Skills:
 + Level 4.2 Fighting
 * Level 4.7 Long Blades
 + Level 4.2 Armour
 + Level 4.2 Shields


You had 6 spell levels left.
You didn't know any spells.
Your spell library contained the following spells:

 Spells                   Type           Power      Damage    Failure   Level
 Call Canine Familiar     Summ           0%         N/A       99%         3
 Gell's Gravitas          Tloc           0%         N/A       99%         3
 Sigil of Binding         Hex            0%         N/A       99%         3
 Teleport Other           Tloc           0%         N/A       99%         3
 Dimensional Bullseye     Hex/Tloc       0%         N/A       100%        4
 Leda's Liquefaction      Hex/Erth       0%         N/A       100%        4
 Dispersal                Tloc           0%         N/A       100%        6


Dungeon Overview and Level Annotations

Branches:
Dungeon (5/15)
 Temple: D:4-7

Altars:
Nemelex Xobeh
Qazlal
Trog
Wu Jian
Yredelemnul

Shops:
D:4 ?


Message History

* * * LOW HITPOINT WARNING * * *
You are splashed with acid!
* * * LOW HITPOINT WARNING * * *
It was a potion of attraction.
You feel attractive to monsters. The phantom hits you.
* * * LOW HITPOINT WARNING * * *
It was a potion of heal wounds.
You feel much better.
The phantom hits you but does no damage.
You closely miss the phantom.
The phantom is almost destroyed.
The phantom hits you.
The phantom blinks!
You blink.
The jelly is attracted toward you.
You hit the phantom.
The phantom convulses.
The phantom is almost destroyed.
The phantom hits you but does no damage.
The jelly hits you.
You are splashed with acid!
* * * LOW HITPOINT WARNING * * *
You feel very mighty all of a sudden. The phantom barely misses you.
The jelly hits you but does no damage.
You hit the phantom but do no damage.
The phantom is almost destroyed.
The phantom hits you.
* * * LOW HITPOINT WARNING * * *
The jelly barely misses you.
You slash the jelly!
Your hands burn!
* * * LOW HITPOINT WARNING * * *
The jelly is almost dead.
The phantom completely misses you. The jelly hits you but does no damage.
You barely miss the phantom.
The phantom is almost destroyed.
You block the phantom's attack. You block the jelly's attack.
You slash the jelly!
You kill the jelly!
The phantom hits you but does no damage.
The phantom barely misses you.
You barely miss the phantom.
The phantom is almost destroyed.
The phantom hits you.
You die...

##### ##...##
##..⌠..##
#.......##
#.....⌠..##
#..>......#
#.##.....W...#
#.##....@..#§#
#..##..⌠..##.#
##.####...##..#
#..##.######.##
##..##........#
#...##.########
##......#
#....####
#..#.#


You could see a phantom.

Vanquished Creatures
  2 scorpions (D:5)
  2 hounds (D:4)
  A jelly (D:5)
  An orc wizard (D:5)
  Natasha (twice) (D:2)
  2 gnolls (D:5)
  2 adders
  2 dart slugs
  11 orcs
  5 bats
  11 endoplasms
  2 giant cockroaches (D:3)
  7 hobgoblins
  8 jackals
  4 kobolds
  5 quokkas
  6 ball pythons
  3 frilled lizards (D:1)
  6 goblins
  6 rats
88 creatures vanquished.

Vanquished Creatures (others)
  A wizard (D:3)
1 creature vanquished.

Grand Total: 89 creatures vanquished

Notes
Turn   | Place    | Note
-------+----------+-------------------------------------------
     0 | D:1      | ryw the Human Fighter began the quest for the Orb.
     0 | D:1      | Reached XP level 1. HP: 18/18 MP: 1/1
   137 | D:1      | Reached XP level 2. HP: 24/24 MP: 2/2
   332 | D:1      | Reached XP level 3. HP: 29/29 MP: 3/3
   852 | D:2      | Noticed Natasha
   858 | D:2      | Killed Natasha
   859 | D:2      | Reached XP level 4. HP: 24/35 MP: 4/4
   958 | D:2      | Found a faded altar of an unknown god.
  1223 | D:2      | Noticed Natasha
  1230 | D:2      | Killed Natasha
  1231 | D:2      | Reached XP level 5. HP: 33/41 MP: 5/5
  1320 | D:3      | Found a sparkling altar of Nemelex Xobeh.
  1596 | D:3      | Found a bloodstained altar of Trog.
  1597 | D:3      | Noticed a wizard
  1603 | D:3      | Killed a wizard
  1653 | D:3      | Found a stormy altar of Qazlal.
  1655 | D:3      | Found an ornate altar of the Wu Jian Council.
  2480 | D:4      | Reached XP level 6. HP: 36/48 MP: 6/6
  2786 | D:4      | Found a basalt altar of Yredelemnul.
  2932 | D:4      | Found Pualot's Magic Scroll Emporium.
  2972 | D:5      | Entered Level 5 of the Dungeon
  3229 | D:5      | Reached XP level 7. HP: 45/54 MP: 7/7
  3380 | D:5      | HP: 1/54 [phantom (6)]
  3389 | D:5      | Slain by a phantom

Illustrated notes

Levels and vault maps discovered:
D:1:      nzn_arrival_water_spiral, layout_basic, serial_rivers,
          chequers_serial_rivers_marsh, chequers_serial_rivers_large_a,
          chequers_serial_rivers_small_3, chequers_serial_rivers_marsh
D:2:      layout_rooms, ebering_ecumenical_altar_sacrificial, uniq_natasha
D:3:      layout_basic, amcnicky_altar_gilded, trog_wizard,
          jmf_multi_god_temple, serial_park_tiny_1
D:4:      layout_rooms, nicolae_overflow_crystal_walls, serial_shops,
          nicolae_shop_rolled_up
D:5:      layout_loops_cross, grunt_ministairs_9, amcnicky_mini_pool_small,
          minmay_misc_feat_x, minmay_manual_mess

Skill      XL: |  1  2  3  4  5  6 |
---------------+-------------------+-----
Long Blades    | 3 4 |  4.7
Fighting       | 4 |  4.2
Armour         | 4 |  4.2
Shields        | 4 |  4.2

Action                     |  1- 3 |  4- 6 |  7- 9 || total
---------------------------+-------+-------+-------++-------
  Melee: Long sword        |    72 |    95 |       ||   167
         Falchion          |       |   154 |    30 ||   184
  Throw: Dart              |       |     1 |       ||     1
    Use: Potion            |       |     3 |     3 ||     6
 Armour: Scale mail        |    46 |   233 |    34 ||   313
  Dodge: Dodged            |    32 |   142 |    19 ||   193
  Block: Buckler           |    16 |    71 |     7 ||    94

Table legend: (Time is in decaauts)
 A = Elapsed time spent in this place.
 B = Non-inter-level travel time spent in this place.
 C = Inter-level travel time spent in this place.
 D = Time resting spent in this place.
 E = Time spent auto-exploring this place.
 F = Levels seen in this place.
 G = Mean time per level.
                   A        B        C        D        E       F      G
               +--------+--------+--------+--------+--------+-----+--------+
         Total |   3477 |   3412 |     65 |    112 |   2480 |   5 |  695.4 |
       Dungeon |   3477 |   3412 |     65 |    112 |   2480 |   5 |  695.4 |
               +--------+--------+--------+--------+--------+-----+--------+

Top non-repeatable levels by time:
     D:3: 995 daAuts
     D:1: 878 daAuts
     D:4: 689 daAuts
     D:2: 502 daAuts
     D:5: 411 daAuts
